 Dungeon Crawl Stone Soup version 0.16.2-12-gd0ad4c3 (webtiles) character file.

30 Peloso the Covered (level 3, -37/33 HPs)
             Began as a Minotaur Fighter on Nov 11, 2015.
             Killed from afar by a hellephant (59 damage)
             ... with a blast of flame
             ... on level 1 of the Abyss.
             The game lasted 00:04:03 (969 turns).

Peloso the Covered (Minotaur Fighter)                Turns: 969, Time: 00:04:03

Health: -37/33     AC: 10    Str: 20    XL:     3   Next: 5%
Magic:  2/2        EV:  7    Int:  5    God:
Gold:   100        SH:  9    Dex: 10    Spells: 0 memorised, 2 levels left

rFire  . . .     SeeInvis .     a - +0 long sword
rCold  . . .     Clarity  .     b - +0 scale mail
rNeg   . . .     SustAb   .     c - +0 shield
rPois  .         Gourm    .     (helmet restricted)
rElec  .         Spirit   .     v - +1 cloak
rCorr  .         Warding  .     (no gloves)
rMut   .         Stasis   .     t - +0 pair of boots (curse)
MR     .....                    f - amulet of inaccuracy (curse)
Stlth  ..........               (no ring)
                                (no ring)

@: drained, not resistant to hostile enchantments, extremely unstealthy
A: retaliatory headbutt, horns 2
a: no special abilities


You were on level 1 of the Abyss.
You were not hungry.

You visited 1 branch of the dungeon, and saw 2 of its levels.
You visited the Abyss 1 time.

You collected 100 gold pieces.

Inventory:

Hand weapons
 a - a +0 long sword (weapon)
Armour
 b - a +0 scale mail (worn)
 c - a +0 shield (worn)
 t - a cursed +0 pair of boots (worn)
 v - a +1 cloak (worn)
Jewellery
 f - a cursed amulet of inaccuracy (around neck)
 g - an uncursed ring of protection from magic {unknown}
Scrolls
 k - a scroll of immolation {unknown}
 l - a scroll of amnesia {unknown}
 m - 2 scrolls of remove curse {unknown}
 o - a scroll of noise {unknown}
 u - 3 scrolls of identify
 w - a scroll of teleportation {unknown}
Potions
 e - a potion of might
 h - a potion of poison {unknown}
 i - a potion of brilliance
 n - a potion of cancellation
 p - a potion of invisibility {unknown}
 q - a potion of mutation {unknown}
 s - 2 potions of curing {unknown}
Comestibles
 d - a bread ration
 j - a meat ration
 r - a slice of pizza


   Skills:
 + Level 4.1(3.6) Fighting
 + Level 2.6(2.1) Long Blades
 + Level 4.2(3.7) Armour
 + Level 1.0(0.6) Dodging
 + Level 3.8(3.3) Shields


You had 2 spell levels left.
You didn't know any spells.

Dungeon Overview and Level Annotations

Branches:
Dungeon (2/15)

Altars:


Innate Abilities, Weirdness & Mutations

You reflexively headbutt those who attack you in melee.
You have a pair of horns on your head.


Message History

The giant gecko is severely wounded.
You block the giant gecko's attack. The giant gecko barely misses you.
The gnoll hits you but does no damage.
You are cast into the Abyss!
To return, you must find a gate leading back.
Welcome to the Abyss!
You sense a powerful magical force warping space.
Found 21 gold pieces.
Found a scroll of identify.
You now have 100 gold pieces (gained 21).
u - 3 scrolls of identify (gained 1)
A hellephant comes into view.
The hellephant is too close now for your liking.
A tentacled starspawn comes into view.
A tentacle flies out from the starspawn's body!
The hellephant blinks!
The hellephant breathes flames at you. The blast of flame hits you!
Ouch! That really hurt!
You die...

#.# .# ..#..#.#.#
#....#..##
.......#...# #
..........##.#
#...#.##..#.######
##..#Y............
# .##.#...########
#...#*w@.# .
#..*.#w##. .
#.#*#X#...
.####..*..### .
........# # .##.
## .. .. .


You could see a hellephant, a tentacled starspawn and 2 starspawn tentacles.

Vanquished Creatures
  A gnoll (D:2)
  A giant gecko (D:2)
  A giant cockroach (D:1)
  2 goblins (D:1)
  2 hobgoblins
  5 bats
  2 giant newts
  6 kobolds
  2 rats
22 creatures vanquished.

Vanquished Creatures (others)
  13 starspawn tentacle segments (Abyss:1)
13 creatures vanquished.

Grand Total: 35 creatures vanquished

Notes
Turn   | Place    | Note
--------------------------------------------------------------
     0 | D:1      | Peloso, the Minotaur Fighter, began the quest for the Orb.
     0 | D:1      | Reached XP level 1. HP: 19/19 MP: 1/1
   238 | D:1      | Reached XP level 2. HP: 24/27 MP: 1/1
   609 | D:2      | Reached skill level 4 in Armour
   913 | D:2      | Reached skill level 1 in Dodging
   913 | D:2      | Reached XP level 3. HP: 33/33 MP: 2/2
   924 | D:2      | Cast into the Abyss (gnoll)
   960 | Abyss:1  | Noticed a hellephant
   967 | Abyss:1  | Noticed a tentacled starspawn
   969 | Abyss:1  | Killed from afar by a hellephant

Action                   || total
-------------------------++-------
Melee: Long sword        ||    90
  Use: Scroll            ||     3
